 Dungeon Crawl Stone Soup version 0.21.0-3-g78d12a8 (webtiles) character file.

287 Suckerboh the Magician (level 6, -1/33 HPs)
             Began as a Deep Elf Fire Elementalist on Jan 13, 2018.
             Slain by an orc wizard
             ... wielding a +0 dagger
              (2 damage)
             ... on level 4 of the Dungeon.
             The game lasted 00:05:07 (3583 turns).

Suckerboh the Magician (Deep Elf Fire Elementalist) Turns: 3583, Time: 00:05:08

Health: -1/33      AC:  2    Str:  5    XL:     6   Next: 8%
Magic:  11/15      EV: 13    Int: 22    God:
Gold:   178        SH:  0    Dex: 15    Spells: 14/15 levels left

rFire    . . .     SeeInvis .   (no weapon)
rCold    . . .     Gourm    +   (no shield)
rNeg     . . .     Faith    .   a - +0 robe
rPois    .         Spirit   .   (no helmet)
rElec    .         Reflect  .   (no cloak)
rCorr    .         Harm     .   (no gloves)
MR       .....                  (no boots)
Stlth    +++.......             l - amulet of the gourmand (curse)
HPRegen  0.11/turn              k - ring of stealth
MPRegen  0.14/turn              (no ring)

@: no status effects
A: no striking features
a: no special abilities


You were on level 4 of the Dungeon.
You were very full.

You visited 1 branch of the dungeon, and saw 4 of its levels.

You collected 178 gold pieces.

Inventory:

Missiles
 t - 3 curare-tipped needles
Armour
 a - a +0 robe (worn)
 q - a cursed +0 ring mail
Jewellery
 f - an uncursed amulet of harm {unknown}
 k - a ring of stealth (left hand)
 l - a cursed amulet of the gourmand (around neck)
Scrolls
 d - 4 scrolls of teleportation {unknown}
 e - 2 scrolls of fear {unknown}
 h - 2 scrolls of amnesia {unknown}
 n - a scroll of blinking {unknown}
 p - a scroll of remove curse {unknown}
 r - a scroll of identify {unknown}
 v - a scroll of magic mapping {unknown}
Potions
 g - a potion of agility {unknown}
 i - a potion of lignification {unknown}
 j - a potion of might {unknown}
 m - a potion of degeneration {unknown}
 o - 2 potions of haste {unknown}
 s - a potion of ambrosia {unknown}
 u - a potion of mutation {unknown}
 w - a potion of flight {unknown}
Books
 b - a book of Flames

   Spells                             Type                      Level
   a - Flame Tongue                   Conjuration/Fire             1
   b - Throw Flame                    Conjuration/Fire             2
   c - Conjure Flame                  Conjuration/Fire             3
   d - Inner Flame                    Hexes/Fire                   3
   e - Sticky Flame                   Conjuration/Fire             4
   f - Fireball                       Conjuration/Fire             5
Comestibles
 c - 7 rations


   Skills:
 + Level 0.3 Fighting
 + Level 3.1 Dodging
 - Level 2.4 Stealth
 + Level 5.1 Spellcasting
 * Level 4.0 Conjurations
 + Level 4.8 Fire Magic


You had 14 spell levels left.
You knew the following spells:

 Your Spells              Type           Power        Failure   Level  Hunger
a - Flame Tongue          Conj/Fire      ####.        1%          1    None


Dungeon Overview and Level Annotations

Branches:
Dungeon (4/15)             Temple (0/1) D:4

Altars:
Wu Jian


Message History

Aim: an orc wizard, wielding a dagger and wearing a robe (almost dead)
The flame tongue hits the orc.
You kill the orc!
The orc wizard hits you but does no damage.
The orc wizard gestures at you while chanting.
The magic dart hits you!
* * * LOW HITPOINT WARNING * * *
Unknown command.
Casting: Flame Tongue
Confirm with . or Enter, or press ? or * to list all spells.
You don't know that spell.
Casting: Flame Tongue
Confirm with . or Enter, or press ? or * to list all spells.
Aiming: Flame Tongue
Press: ? - help, Shift-Dir - straight line, f - orc wizard, p - orc wizard
Aim: an orc wizard, wielding a dagger and wearing a robe (fast)
The flame tongue hits the orc wizard.
The orc wizard is severely wounded.
The orc wizard hits you with a dagger.
You die...

#........# %.### ####
##.......#.#.# #...
#..#....#...########...
....... .
#..##.#.#.>.#..........
...#...
#.#.###...#...#..#####...
.......
#...Jo..########........#
......o......o).#
######.#.#
.......o....##o.####
#.#.#..
....Z.....#.Z..o@..##
#...##.
o........######.....##
#..###. ..h.....#
###....## ##..####
####?#.. #.....# ##....#
# # ####..###..#..### #
#..##..##...## #..#
#......##.#... #..#.#####
##.#...##.#... #..
.....## #.##...#.#.##


You could see a jelly, 2 orc wizards, 2 orcs and an adder skeleton.

Vanquished Creatures
  A howler monkey (D:4)
  A hound (D:4)
  A centaur skeleton (D:4)
  Natasha (D:2)
  An iguana (D:4)
  6 adders
  2 adder skeletons (D:4)
  3 worms
  A dart slug (D:1)
  5 leopard geckos
  An orc (D:4)
  7 bats
  4 giant cockroaches
  11 hobgoblins
  2 jackals (D:2)
  2 quokkas (D:3)
  6 frilled lizards
  4 goblins
  6 kobolds
  A quokka skeleton (D:4)
  8 rats
74 creatures vanquished.

Notes
Turn   | Place    | Note
-------+----------+-------------------------------------------
     0 | D:1      | Suckerboh the Deep Elf Fire Elementalist began the quest for the Orb.
     0 | D:1      | Reached XP level 1. HP: 10/10 MP: 6/6
   410 | D:1      | Reached XP level 2. HP: 15/15 MP: 2/8
   933 | D:1      | Reached XP level 3. HP: 19/19 MP: 6/10
  1421 | D:2      | Noticed Natasha
  1423 | D:2      | Reached XP level 4. HP: 24/24 MP: 8/11
  1436 | D:2      | Killed Natasha
  1436 | D:2      | Reached skill level 4 in Spellcasting
  2856 | D:4      | Found an ornate altar of the Wu Jian Council.
  2879 | D:3      | Reached XP level 5. HP: 14/28 MP: 9/13
  3357 | D:4      | Reached skill level 5 in Spellcasting
  3402 | D:4      | Found a staircase to the Ecumenical Temple.
  3455 | D:4      | Reached XP level 6. HP: 20/32 MP: 7/15
  3582 | D:4      | HP: 1/33 [orc wizard/magic dart (9)]
  3583 | D:4      | Slain by an orc wizard

Skill      XL: |  1  2  3  4  5 |
---------------+----------------+-----
Fire Magic     | 4 |  4.8
Conjurations   | 2 3 4 |  4.0
Spellcasting   | 4 5 |  5.1
Dodging        | 3 |  3.1
Fighting       | |  0.3
Stealth        | |  2.4

Action                   |  1- 3 |  4- 6 || total
-------------------------+-------+-------++-------
Melee: Unarmed           |     7 |       ||     7
 Cast: Flame Tongue      |    67 |    72 ||   139
  Eat: Chunk             |     1 |    16 ||    17
Armor: Robe              |     4 |     3 ||     7
Dodge: Dodged            |    22 |    26 ||    48
